Sénateurs vs Canadiens
Created - 31 janvier 2015 at 22:54
Goals
|
| Sénateurs |
2 |
1 |
3 |
6 |
| Canadiens |
1 |
1 |
2 |
4 |
|
Shots
|
| Sénateurs |
17 |
2 |
13 |
32 |
| Canadiens |
9 |
9 |
15 |
33 |
|
1st period
1. Canadiens , Marek Svatos 22 (Josh Gorges, Patrick Marleau) at 2:10
2. Sénateurs , Vitaly Vishnevsky 3 (Gilbert Brule, Jean-Pierre Dumont) at 11:04 (PP)
3. Sénateurs , Gilbert Brule 27 (Andy McDonald, Dan Hamhuis) at 19:33 (PP)
Penalties :
Josh Gorges (Mon) for Goalie Interference (Minor) at 2:47, Michel Ouellet (Mon) for Hooking (Minor) at 10:29, Jonas Hiller (Mon) for Slashing (Minor) at 14:45 - Mike Ribeiro served the penalty, Jamie Lundmark (Mon) for Hooking (Minor) at 18:44
2nd period
4. Canadiens , Rene Bourque 18 (Dennis Wideman, Saku Koivu) at 13:13
5. Sénateurs , B.J. Crombeen 12 (Andrew Ebbett) at 18:41
Penalties :
Darcy Hordichuk (Ott) for Hooking (Minor) at 1:07, Saku Koivu (Mon) for Holding (Minor) at 7:00
3rd period
6. Canadiens , Dennis Wideman 3 (Mike Ribeiro) at 6:03 (PP)
7. Sénateurs , Brenden Morrow 13 (Daymond Langkow, Dan Hamhuis) at 6:25
8. Canadiens , Mike Ribeiro 26 (Marek Svatos) at 9:07
9. Sénateurs , B.J. Crombeen 13 (Darcy Hordichuk, Andrew Ebbett) at 15:31
10. Sénateurs , Brenden Morrow 14 (Daymond Langkow, Todd Bertuzzi) at 19:52 (Empty Net)
Penalties :
Vitaly Vishnevsky (Ott) for Hooking (Minor) at 5:53, Brenden Morrow (Ott) for Hooking (Minor) at 10:42, Brett Clark (Mon) for Hooking (Minor) at 19:55
Goalie Stats
Ondrej Pavelec (Ott), 29 saves from 33 shots - (0,879), W, 19-17-6, 60:00 minutes
Jonas Hiller (Mon), 26 saves from 31 shots - (0,839), L, 19-15-3, 59:14 minutes
Players Stats for Sénateurs
Player Name G A P +/- PIM S H SB GA TA FO MP PP MP PK MP
------------------------------------------------------------------------------------
Andrew Ebbett 0 2 2 2 0 1 1 0 0 1 4/6 12:06 0:02 1:03
Andy Hilbert 0 0 0 0 0 1 0 0 1 1 0/0 8:58 0:00 1:11
Andy McDonald 0 1 1 -1 0 0 0 2 2 0 0/0 16:42 3:17 0:41
B.J. Crombeen 2 0 2 2 0 2 2 0 1 0 1/3 12:21 0:02 1:18
Brenden Morrow 2 0 2 0 2 8 2 0 3 0 2/3 22:12 4:06 1:10
Carlo Colaiacovo 0 0 0 1 0 0 1 0 1 0 0/0 21:33 2:36 1:42
Dan Girardi 0 0 0 1 0 1 1 1 0 0 0/0 21:33 2:36 1:42
Dan Hamhuis 0 2 2 0 0 3 0 2 0 0 0/0 27:28 4:49 2:26
Darcy Hordichuk 0 1 1 2 2 0 2 0 0 0 1/2 11:02 0:02 0:00
Daymond Langkow 0 2 2 0 0 4 2 2 1 0 18/39 23:06 4:06 2:05
Gilbert Brule 1 1 2 -1 0 4 0 0 1 0 7/14 16:49 3:17 0:48
Jean-Pierre Dumont 0 1 1 -1 0 2 3 0 0 0 1/1 16:01 3:17 0:00
Nikita Alexeev 0 0 0 0 0 0 0 0 0 0 1/1 7:46 0:00 0:00
Ryan Parent 0 0 0 0 0 0 0 1 0 0 0/0 10:59 0:00 0:00
Sami Salo 0 0 0 0 0 0 0 2 0 0 0/0 10:59 0:00 0:00
Todd Bertuzzi 0 1 1 0 0 1 2 0 0 0 2/3 21:01 4:06 0:00
Vernon Fiddler 0 0 0 0 0 1 2 0 0 0 0/1 7:46 0:00 0:00
Vitaly Vishnevsky 1 0 1 0 2 4 4 4 0 1 0/0 27:27 4:49 2:26
Players Stats for Canadiens
Player Name G A P +/- PIM S H SB GA TA FO MP PP MP PK MP
------------------------------------------------------------------------------------
Brandon Prust 0 0 0 0 0 1 2 0 0 0 0/1 10:11 0:00 1:13
Brett Clark 0 0 0 1 2 0 2 2 0 2 0/0 18:57 0:00 2:48
Brooks Laich 0 0 0 -2 0 3 0 1 0 1 5/9 9:58 0:00 0:43
Dennis Wideman 1 1 2 -2 0 5 0 3 0 1 0/0 25:45 2:33 2:56
Jamie Lundmark 0 0 0 0 2 0 2 0 0 0 3/7 10:24 0:00 1:44
Jeff Woywitka 0 0 0 -2 0 1 1 4 1 0 0/0 26:48 1:35 4:46
Josh Gorges 0 1 1 0 2 0 0 1 1 1 0/0 15:48 0:00 3:28
Marek Svatos 1 1 2 1 0 5 0 1 0 0 2/3 19:30 1:55 1:49
Matt Carle 0 0 0 1 0 0 0 2 0 1 0/0 13:27 1:35 0:52
Michel Ouellet 0 0 0 -2 2 3 1 1 0 0 1/2 13:09 0:00 3:55
Mikael Samuelsson 0 0 0 0 0 2 1 0 0 0 0/0 8:38 0:00 0:00
Mike Ribeiro 1 1 2 0 0 4 2 0 0 0 10/26 19:01 2:13 0:00
Patrick Marleau 0 1 1 0 0 1 3 1 1 2 2/3 18:58 2:13 0:00
Rene Bourque 1 0 1 0 0 1 1 0 0 0 2/2 16:44 2:13 0:00
Riley Cote 0 0 0 -2 0 2 2 0 0 0 1/2 13:18 1:55 1:59
Saku Koivu 0 1 1 1 2 2 3 0 0 0 10/17 18:57 1:55 3:27
Sergei Gonchar 0 0 0 0 0 0 0 0 0 2 0/0 19:33 2:33 0:00
Sergei Samsonov 0 0 0 1 0 3 1 0 0 0 0/1 13:24 0:00 0:00
3 Stars
1 - B.J. Crombeen (Ott)
2 - Brenden Morrow (Ott)
3 - Marek Svatos (Mon)
Power Play
Sénateurs - 2 on 6 Attempt(s) - 33,33%
Canadiens - 1 on 3 Attempt(s) - 33,33%
Penalty Kill
Sénateurs - 2 on 3 Attempt(s) - 66,67%
- Score 0 goal in Penalty Kill
Canadiens - 4 on 6 Attempt(s) - 66,67%
- Score 0 goal in Penalty Kill
Team Stat
Sénateurs - Hits : 22 - Faceoff Wins : 37 - Blocked Shots : 14 - Penalty Minutes : 6
Canadiens - Hits : 21 - Faceoff Wins : 36 - Blocked Shots : 16 - Penalty Minutes : 10
Official
Referees : Hasenfratz Mike and Furlatt Eric
Linesman : Brad Lazarowich and Tony Sericolo
Game Notes
13:13 of 2nd period - Canadiens goal is going for a video replay. After video review, Goal.
Brenden Morrow has scored in a empty net!
Finance
Level 1 -- Attendance: 4769 (79,48%) -- Ticket Income 424 441 $
Level 2 -- Attendance: 4931 (98,62%) -- Ticket Income 246 550 $
Level 3 -- Attendance: 1839 (91,95%) -- Ticket Income 57 009 $
Level 4 -- Attendance: 3589 (89,73%) -- Ticket Income 71 780 $
Luxury Box -- Attendance: 926 (92,60%) -- Ticket Income 152 790 $
Game was played at the Centre Bell'
Total Attendance: 16054 (89,19%)
Total Ticket Income: 952 570 $
Other Income: 142 886 $
Total Income: 1 095 456 $
Sénateurs
5 vs 5 Forward
Center Left Wing Right Wing Time % Phy DF OF
1 Daymond Langkow Brenden Morrow Todd Bertuzzi 38 1 2 2
2 Gilbert Brule Andy McDonald Jean-Pierre Dumont 32 1 2 2
3 Andrew Ebbett Darcy Hordichuk B.J. Crombeen 20 1 2 2
4 Vernon Fiddler Andy Hilbert Nikita Alexeev 10 1 2 2
5 vs 5 Defense
Defense Defense Time % Phy DF OF
1 Vitaly Vishnevsky Dan Hamhuis 40 1 2 2
2 Carlo Colaiacovo Dan Girardi 30 1 2 2
3 Sami Salo Ryan Parent 20 1 2 2
4 Vitaly Vishnevsky Dan Hamhuis 10 1 2 2
PowerPlay Forward
Center Left Wing Right Wing Time % Phy DF OF
1 Daymond Langkow Brenden Morrow Todd Bertuzzi 60 1 2 2
2 Gilbert Brule Andy McDonald Jean-Pierre Dumont 40 1 2 2
PowerPlay Defense
Defense Defense Time % Phy DF OF
1 Vitaly Vishnevsky Dan Hamhuis 60 1 2 2
2 Carlo Colaiacovo Dan Girardi 40 1 2 2
Penalty Kill 4 Players Forward
Center Wing Time % Phy DF OF
1 Brenden Morrow Daymond Langkow 60 1 2 2
2 Gilbert Brule Andy McDonald 40 1 2 2
Penalty Kill 4 Players Defense
Defense Defense Time % Phy DF OF
1 Vitaly Vishnevsky Dan Hamhuis 60 1 2 2
2 Carlo Colaiacovo Dan Girardi 40 1 2 2
Penalty Kill - 3 Players Forward
Forward Time % Phy DF OF
1 Brenden Morrow 60 1 2 2
2 Daymond Langkow 40 1 2 2
Penalty Kill - 3 Players Defense
Defense Defense Time % Phy DF OF
1 Vitaly Vishnevsky Dan Hamhuis 60 1 2 2
2 Carlo Colaiacovo Dan Girardi 40 1 2 2
4 vs 4 Forward
Center Wing Time % Phy DF OF
1 Brenden Morrow Daymond Langkow 60 1 2 2
2 Gilbert Brule Andy McDonald 40 1 2 2
4 vs 4 Defense
Defense Defense Time % Phy DF OF
1 Vitaly Vishnevsky Dan Hamhuis 60 1 2 2
2 Carlo Colaiacovo Dan Girardi 40 1 2 2
Last Minutes Offensive
Center Left Wing Right Wing Defense Defense
Daymond Langkow Brenden Morrow Todd Bertuzzi Vitaly Vishnevsky Dan Hamhuis
Last Minutes Defensive
Center Left Wing Right Wing Defense Defense
Daymond Langkow Brenden Morrow Todd Bertuzzi Vitaly Vishnevsky Dan Hamhuis
Goaltenders
Starting : Ondrej Pavelec
Backup : Jeff Deslauriers
Extra Forwards
Normal : Darcy Hordichuk, Andrew Ebbett, B.J. Crombeen - PP : Darcy Hordichuk, Andrew Ebbett - PK : B.J. Crombeen
Extra Defensemen
Normal : Sami Salo, Ryan Parent, Carlo Colaiacovo - PP : Sami Salo - PK : Ryan Parent, Carlo Colaiacovo
Penalty Shots
Brenden Morrow, Daymond Langkow, Gilbert Brule, Andy McDonald, Darcy Hordichuk
Canadiens
5 vs 5 Forward
Center Left Wing Right Wing Time % Phy DF OF
1 Mike Ribeiro Patrick Marleau Marek Svatos 40 0 1 4
2 Saku Koivu Sergei Samsonov Rene Bourque 30 0 2 3
3 Brooks Laich Riley Cote Michel Ouellet 20 1 3 1
4 Jamie Lundmark Brandon Prust Mikael Samuelsson 10 2 3 0
5 vs 5 Defense
Defense Defense Time % Phy DF OF
1 Jeff Woywitka Dennis Wideman 40 1 2 2
2 Brett Clark Sergei Gonchar 35 1 3 1
3 Josh Gorges Matt Carle 20 1 3 1
4 Jeff Woywitka Dennis Wideman 5 1 4 0
PowerPlay Forward
Center Left Wing Right Wing Time % Phy DF OF
1 Mike Ribeiro Patrick Marleau Rene Bourque 60 1 0 4
2 Saku Koivu Riley Cote Marek Svatos 40 2 0 3
PowerPlay Defense
Defense Defense Time % Phy DF OF
1 Dennis Wideman Sergei Gonchar 60 1 1 3
2 Matt Carle Jeff Woywitka 40 1 2 2
Penalty Kill 4 Players Forward
Center Wing Time % Phy DF OF
1 Saku Koivu Michel Ouellet 60 0 5 0
2 Jamie Lundmark Marek Svatos 40 1 4 0
Penalty Kill 4 Players Defense
Defense Defense Time % Phy DF OF
1 Jeff Woywitka Josh Gorges 60 0 5 0
2 Brett Clark Dennis Wideman 40 0 5 0
Penalty Kill - 3 Players Forward
Forward Time % Phy DF OF
1 Saku Koivu 60 0 5 0
2 Jamie Lundmark 40 0 5 0
Penalty Kill - 3 Players Defense
Defense Defense Time % Phy DF OF
1 Jeff Woywitka Josh Gorges 60 0 5 0
2 Brett Clark Dennis Wideman 40 1 4 0
4 vs 4 Forward
Center Wing Time % Phy DF OF
1 Mike Ribeiro Patrick Marleau 60 0 1 4
2 Saku Koivu Marek Svatos 40 1 2 2
4 vs 4 Defense
Defense Defense Time % Phy DF OF
1 Sergei Gonchar Dennis Wideman 60 0 3 2
2 Brett Clark Jeff Woywitka 40 1 4 0
Last Minutes Offensive
Center Left Wing Right Wing Defense Defense
Mike Ribeiro Patrick Marleau Rene Bourque Sergei Gonchar Dennis Wideman
Last Minutes Defensive
Center Left Wing Right Wing Defense Defense
Mike Ribeiro Patrick Marleau Marek Svatos Jeff Woywitka Dennis Wideman
Goaltenders
Starting : Jonas Hiller
Backup : Miika Kiprusoff
Extra Forwards
Normal : Brooks Laich, Michel Ouellet, Rene Bourque - PP : Brooks Laich, Michel Ouellet - PK : Riley Cote
Extra Defensemen
Normal : Josh Gorges, Matt Carle, Brett Clark - PP : Josh Gorges - PK : Matt Carle, Brett Clark
Penalty Shots
Patrick Marleau, Mike Ribeiro, Saku Koivu, Marek Svatos, Sergei Samsonov
% Time on Ice - Sénateurs
Lines # - Real PCT - Wanted PCT - Time Play
Normal Forward
1 - 34% - 38% - 15:53
2 - 27% - 32% - 12:44
3 - 23% - 20% - 10:56
4 - 16% - 10% - 7:46
Normal Defense
1 - 38% - 40% - 18:04
2 - 34% - 30% - 16:07
3 - 23% - 20% - 10:59
4 - 5% - 10% - 2:09
PP Forward
1 - 56% - 60% - 4:08
2 - 44% - 40% - 3:17
PP Defense
1 - 65% - 60% - 4:49
2 - 35% - 40% - 2:36
PK Forward
1 - 88% - 60% - 3:39
2 - 12% - 40% - 0:29
PK Defense
1 - 59% - 60% - 2:26
2 - 41% - 40% - 1:42
PK3 Forward
1 - 0% - 60%
2 - 0% - 40%
PK3 Defense
1 - 0% - 60%
2 - 0% - 40%
44 Forward
1 - 0% - 60%
2 - 0% - 40%
44 Defense
1 - 0% - 60%
2 - 0% - 40%
Last Minute Offensive - 0:00
Last Minute Defensive - 1:08
Total
Forward - 60:00
Defense - 60:00
|
% Time on Ice - Canadiens
Lines # - Real PCT - Wanted PCT - Time Play
Normal Forward
1 - 34% - 40% - 16:11
2 - 28% - 30% - 13:29
3 - 19% - 20% - 9:02
4 - 18% - 10% - 8:38
Normal Defense
1 - 42% - 40% - 19:54
2 - 34% - 35% - 16:10
3 - 23% - 20% - 11:00
4 - 1% - 5% - 0:16
PP Forward
1 - 54% - 60% - 2:13
2 - 46% - 40% - 1:55
PP Defense
1 - 62% - 60% - 2:33
2 - 38% - 40% - 1:35
PK Forward
1 - 76% - 60% - 5:36
2 - 24% - 40% - 1:49
PK Defense
1 - 64% - 60% - 4:46
2 - 36% - 40% - 2:39
PK3 Forward
1 - 0% - 60%
2 - 0% - 40%
PK3 Defense
1 - 0% - 60%
2 - 0% - 40%
44 Forward
1 - 0% - 60%
2 - 0% - 40%
44 Defense
1 - 0% - 60%
2 - 0% - 40%
Last Minute Offensive - 1:07
Last Minute Defensive - 0:00
Total
Forward - 60:00
Defense - 60:00
|
Play by Play
1st period
0:01 of 1st period - Daymond Langkow wins face-off versus Marek Svatos in neutral zone.
0:14 of 1st period - Snap shot by Daymond Langkow.
0:14 of 1st period - Shot Misses the Net.
0:16 of 1st period - Wrist shot by Daymond Langkow.
0:16 of 1st period - Shot Blocked by Dennis Wideman.
0:26 of 1st period - Jeff Woywitka is hit by B.J. Crombeen and loses puck.
0:51 of 1st period - Carlo Colaiacovo is hit by Rene Bourque and loses puck.
2:00 of 1st period - Wrist shot by Saku Koivu.
2:00 of 1st period - Stopped by Ondrej Pavelec without a rebound.
2:01 of 1st period - Patrick Marleau wins face-off versus Gilbert Brule in Sénateurs zone.
2:02 of 1st period - Snap shot by Marek Svatos.
2:02 of 1st period - Shot Misses the Net.
2:04 of 1st period - Slapshot by Josh Gorges.
2:04 of 1st period - Shot Misses the Net.
2:06 of 1st period - Wrist shot by Marek Svatos.
2:06 of 1st period - Shot Misses the Net.
2:08 of 1st period - Slapshot by Josh Gorges.
2:08 of 1st period - Shot Blocked by Vitaly Vishnevsky.
2:10 of 1st period - Slapshot by Josh Gorges.
2:10 of 1st period - Deflect By Marek Svatos.
2:10 of 1st period - Goal by Marek Svatos - Sénateurs : 0 - Canadiens : 1.
2:11 of 1st period - Gilbert Brule wins face-off versus Saku Koivu in neutral zone.
2:26 of 1st period - Wrist shot by Gilbert Brule.
2:26 of 1st period - Stopped by Jonas Hiller without a rebound.
2:27 of 1st period - Daymond Langkow wins face-off versus Brooks Laich in Canadiens zone.
2:30 of 1st period - Snap shot by Daymond Langkow.
2:30 of 1st period - Shot Misses the Net.
2:32 of 1st period - Snap shot by Dan Hamhuis.
2:32 of 1st period - Shot Misses the Net.
2:34 of 1st period - Slapshot by Vitaly Vishnevsky.
2:34 of 1st period - Shot Blocked by Michel Ouellet.
2:36 of 1st period - Slapshot by Vitaly Vishnevsky.
2:36 of 1st period - Stopped by Jonas Hiller without a rebound.
2:37 of 1st period - Brooks Laich wins face-off versus Daymond Langkow in Canadiens zone.
2:42 of 1st period - Wrist shot by Brooks Laich.
2:42 of 1st period - Stopped by Ondrej Pavelec without a rebound.
2:43 of 1st period - Darcy Hordichuk wins face-off versus Mike Ribeiro in Sénateurs zone.
2:47 of 1st period - Minor Penalty to Josh Gorges for Goalie Interference.
2:48 of 1st period - Saku Koivu wins face-off versus Todd Bertuzzi in Canadiens zone.
2:59 of 1st period - Slapshot by Vitaly Vishnevsky.
2:59 of 1st period - Shot Misses the Net.
3:13 of 1st period - Jean-Pierre Dumont is hit by Jamie Lundmark and loses puck.
4:47 of 1st period - Penalty to Josh Gorges is over, Josh Gorges is back on ice.
5:06 of 1st period - Off-side.
5:07 of 1st period - Mike Ribeiro wins face-off versus Andrew Ebbett in neutral zone.
5:10 of 1st period - Andrew Ebbett is hit by Brett Clark and loses puck.
5:37 of 1st period - Slapshot by Dan Girardi.
5:37 of 1st period - Stopped by Jonas Hiller with a rebound.
6:19 of 1st period - Snap shot by Andy Hilbert.
6:19 of 1st period - Stopped by Jonas Hiller without a rebound.
6:20 of 1st period - Mike Ribeiro wins face-off versus Daymond Langkow in Canadiens zone.
6:27 of 1st period - Wrist shot by Brenden Morrow.
6:27 of 1st period - Shot Misses the Net.
6:29 of 1st period - Slapshot by Vitaly Vishnevsky.
6:29 of 1st period - Stopped by Jonas Hiller with a rebound.
6:33 of 1st period - Snap shot by Brenden Morrow.
6:33 of 1st period - Stopped by Jonas Hiller without a rebound.
6:34 of 1st period - Saku Koivu wins face-off versus Gilbert Brule in Canadiens zone.
6:40 of 1st period - Icing by Jeff Woywitka.
6:41 of 1st period - Jean-Pierre Dumont wins face-off versus Saku Koivu in Canadiens zone.
6:52 of 1st period - Wrist shot by Saku Koivu.
6:52 of 1st period - Shot Blocked by Vitaly Vishnevsky.
6:54 of 1st period - Snap shot by Jeff Woywitka.
6:54 of 1st period - Shot Misses the Net.
7:12 of 1st period - Wrist shot by Daymond Langkow.
7:12 of 1st period - Stopped by Jonas Hiller without a rebound.
7:13 of 1st period - Daymond Langkow wins face-off versus Patrick Marleau in Canadiens zone.
7:39 of 1st period - Icing by Patrick Marleau.
7:40 of 1st period - Marek Svatos wins face-off versus Gilbert Brule in Canadiens zone.
7:52 of 1st period - Snap shot by Gilbert Brule.
7:52 of 1st period - Stopped by Jonas Hiller with a rebound.
7:54 of 1st period - Slapshot by Dan Hamhuis.
7:54 of 1st period - Stopped by Jonas Hiller without a rebound.
7:55 of 1st period - Brooks Laich wins face-off versus Daymond Langkow in Canadiens zone.
8:29 of 1st period - Snap shot by Jean-Pierre Dumont.
8:29 of 1st period - Shot Blocked by Brett Clark.
8:31 of 1st period - Slapshot by Dan Hamhuis.
8:31 of 1st period - Shot Misses the Net.
8:39 of 1st period - Vitaly Vishnevsky is hit by Sergei Samsonov and loses puck.
9:00 of 1st period - Wrist shot by Jean-Pierre Dumont.
9:00 of 1st period - Stopped by Jonas Hiller without a rebound.
9:01 of 1st period - Patrick Marleau wins face-off versus Daymond Langkow in Canadiens zone.
9:01 of 1st period - Patrick Marleau is hit by Todd Bertuzzi.
9:19 of 1st period - Dan Girardi is hit by Patrick Marleau and loses puck.
9:34 of 1st period - Backhand shot by Michel Ouellet.
9:34 of 1st period - Shot Misses the Net.
9:36 of 1st period - Slapshot by Riley Cote.
9:36 of 1st period - Stopped by Ondrej Pavelec with a rebound.
9:38 of 1st period - Backhand shot by Brooks Laich.
9:38 of 1st period - Stopped by Ondrej Pavelec without a rebound.
9:39 of 1st period - Andrew Ebbett wins face-off versus Jamie Lundmark in Sénateurs zone.
9:50 of 1st period - Snap shot by Mikael Samuelsson.
9:50 of 1st period - Stopped by Ondrej Pavelec without a rebound.
9:51 of 1st period - Daymond Langkow wins face-off versus Mike Ribeiro in Sénateurs zone.
10:20 of 1st period - Icing by Dan Hamhuis.
10:21 of 1st period - Gilbert Brule wins face-off versus Riley Cote in Sénateurs zone.
10:29 of 1st period - Minor Penalty to Michel Ouellet for Hooking.
10:30 of 1st period - Saku Koivu wins face-off versus Daymond Langkow in Canadiens zone.
11:04 of 1st period - Slapshot by Vitaly Vishnevsky.
11:04 of 1st period - Goal by Vitaly Vishnevsky - Sénateurs : 1 - Canadiens : 1.
11:05 of 1st period - Mike Ribeiro wins face-off versus Brenden Morrow in neutral zone.
11:16 of 1st period - Slapshot by Mike Ribeiro.
11:16 of 1st period - Deflect By Patrick Marleau.
11:16 of 1st period - Shot Blocked by Vitaly Vishnevsky.
11:16 of 1st period - Puck is out of play.
11:17 of 1st period - Saku Koivu wins face-off versus Daymond Langkow in Sénateurs zone.
11:18 of 1st period - Snap shot by Sergei Samsonov.
11:18 of 1st period - Stopped by Ondrej Pavelec without a rebound.
11:19 of 1st period - Daymond Langkow wins face-off versus Saku Koivu in Sénateurs zone.
11:48 of 1st period - Slapshot by Patrick Marleau.
11:48 of 1st period - Stopped by Ondrej Pavelec with a rebound.
11:50 of 1st period - Slapshot by Sergei Gonchar.
11:50 of 1st period - Shot Misses the Net.
11:52 of 1st period - Wrist shot by Patrick Marleau.
11:52 of 1st period - Shot Misses the Net.
11:56 of 1st period - Slapshot by Mike Ribeiro.
11:56 of 1st period - Deflect By Dan Hamhuis.
11:56 of 1st period - Shot Misses the Net.
11:56 of 1st period - Puck is out of play.
11:57 of 1st period - B.J. Crombeen wins face-off versus Brooks Laich in Sénateurs zone.
12:06 of 1st period - Snap shot by B.J. Crombeen.
12:06 of 1st period - Shot Blocked by Dennis Wideman.
12:41 of 1st period - Snap shot by Brooks Laich.
12:41 of 1st period - Shot Misses the Net.
12:53 of 1st period - Snap shot by Michel Ouellet.
12:53 of 1st period - Shot Misses the Net.
12:55 of 1st period - Wrist shot by Michel Ouellet.
12:55 of 1st period - Shot Misses the Net.
12:57 of 1st period - Snap shot by Brett Clark.
12:57 of 1st period - Shot Blocked by Sami Salo.
12:59 of 1st period - Slapshot by Brett Clark.
12:59 of 1st period - Deflect By Michel Ouellet.
12:59 of 1st period - Deflect By Gilbert Brule.
12:59 of 1st period - Stopped by Ondrej Pavelec without a rebound.
13:00 of 1st period - Daymond Langkow wins face-off versus Mike Ribeiro in Sénateurs zone.
13:00 of 1st period - Daymond Langkow is hit by Patrick Marleau.
13:47 of 1st period - Snap shot by Nikita Alexeev.
13:47 of 1st period - Shot Misses the Net.
13:55 of 1st period - Wrist shot by Vernon Fiddler.
13:55 of 1st period - Stopped by Jonas Hiller with a rebound.
14:25 of 1st period - Saku Koivu is hit by Darcy Hordichuk and loses puck.
14:43 of 1st period - Slapshot by Vitaly Vishnevsky.
14:43 of 1st period - Shot Blocked by Jeff Woywitka.
14:45 of 1st period - Slapshot by Dan Hamhuis.
14:45 of 1st period - Stopped by Jonas Hiller without a rebound.
14:45 of 1st period - Minor Penalty to Jonas Hiller for Slashing.
14:46 of 1st period - Daymond Langkow wins face-off versus Saku Koivu in Canadiens zone.
14:58 of 1st period - Off-side.
14:59 of 1st period - Saku Koivu wins face-off versus Daymond Langkow in neutral zone.
15:13 of 1st period - Snap shot by Brenden Morrow.
15:13 of 1st period - Stopped by Jonas Hiller with a rebound.
15:15 of 1st period - Wrist shot by Todd Bertuzzi.
15:15 of 1st period - Shot Misses the Net.
16:45 of 1st period - Penalty to Mike Ribeiro is over, Mike Ribeiro is back on ice.
16:53 of 1st period - Dan Girardi is hit by Patrick Marleau and loses puck.
17:44 of 1st period - Brett Clark is hit by Daymond Langkow and loses puck.
17:51 of 1st period - Todd Bertuzzi is hit by Saku Koivu.
18:18 of 1st period - Dan Hamhuis is hit by Jeff Woywitka and loses puck.
18:33 of 1st period - Matt Carle is hit by Vitaly Vishnevsky and loses puck.
18:44 of 1st period - Minor Penalty to Jamie Lundmark for Hooking.
18:45 of 1st period - Michel Ouellet wins face-off versus Daymond Langkow in Canadiens zone.
18:53 of 1st period - Icing by Brenden Morrow.
18:54 of 1st period - Daymond Langkow wins face-off versus Saku Koivu in Sénateurs zone.
18:59 of 1st period - Brett Clark is hit by Brenden Morrow and loses puck.
19:16 of 1st period - Wrist shot by Brenden Morrow.
19:16 of 1st period - Stopped by Jonas Hiller without a rebound.
19:17 of 1st period - Gilbert Brule wins face-off versus Saku Koivu in Canadiens zone.
19:33 of 1st period - Wrist shot by Andy McDonald.
19:33 of 1st period - Deflect By Gilbert Brule.
19:33 of 1st period - Goal by Gilbert Brule - Sénateurs : 2 - Canadiens : 1.
19:34 of 1st period - Daymond Langkow wins face-off versus Mike Ribeiro in neutral zone.
19:37 of 1st period - Snap shot by Vitaly Vishnevsky.
19:37 of 1st period - Shot Blocked by Marek Svatos.
19:39 of 1st period - Snap shot by Todd Bertuzzi.
19:39 of 1st period - Deflect By Daymond Langkow.
19:39 of 1st period - Stopped by Jonas Hiller without a rebound.
19:40 of 1st period - Daymond Langkow wins face-off versus Mike Ribeiro in Canadiens zone.
19:43 of 1st period - Wrist shot by Todd Bertuzzi.
19:43 of 1st period - Deflect By Daymond Langkow.
19:43 of 1st period - Shot Blocked by Jeff Woywitka.
19:43 of 1st period - Puck is out of play.
19:44 of 1st period - Daymond Langkow wins face-off versus Mike Ribeiro in Canadiens zone.
19:47 of 1st period - Slapshot by Brenden Morrow.
19:47 of 1st period - Shot Misses the Net.
Goals for this period are 2 for Sénateurs vs 1 for Canadiens.
Shots for this period are 17 for Sénateurs vs 9 for Canadiens.
2nd period
0:01 of 2nd period - Mike Ribeiro wins face-off versus Daymond Langkow in neutral zone.
0:25 of 2nd period - Gilbert Brule is hit by Saku Koivu and loses puck.
1:07 of 2nd period - Minor Penalty to Darcy Hordichuk for Hooking.
1:08 of 2nd period - Brenden Morrow wins face-off versus Mike Ribeiro in Sénateurs zone.
1:24 of 2nd period - Wrist shot by Patrick Marleau.
1:24 of 2nd period - Shot Misses the Net.
1:42 of 2nd period - Daymond Langkow is hit by Riley Cote and loses puck.
2:17 of 2nd period - B.J. Crombeen is hit by Riley Cote and loses puck.
3:07 of 2nd period - Penalty to Darcy Hordichuk is over, Darcy Hordichuk is back on ice.
3:20 of 2nd period - Icing by Ryan Parent.
3:21 of 2nd period - Jamie Lundmark wins face-off versus Vernon Fiddler in Sénateurs zone.
3:48 of 2nd period - Snap shot by Michel Ouellet.
3:48 of 2nd period - Deflect By Brooks Laich.
3:48 of 2nd period - Stopped by Ondrej Pavelec without a rebound.
3:49 of 2nd period - Brooks Laich wins face-off versus Gilbert Brule in Sénateurs zone.
3:50 of 2nd period - Snap shot by Michel Ouellet.
3:50 of 2nd period - Stopped by Ondrej Pavelec with a rebound.
4:39 of 2nd period - Patrick Marleau is hit by Andrew Ebbett.
5:53 of 2nd period - Marek Svatos is hit by Vernon Fiddler.
6:23 of 2nd period - Andrew Ebbett is hit by Brandon Prust and loses puck.
6:30 of 2nd period - Snap shot by Andrew Ebbett.
6:30 of 2nd period - Shot Blocked by Brett Clark.
6:48 of 2nd period - Snap shot by Jean-Pierre Dumont.
6:48 of 2nd period - Shot Blocked by Matt Carle.
6:50 of 2nd period - Slapshot by Vitaly Vishnevsky.
6:50 of 2nd period - Shot Blocked by Matt Carle.
7:00 of 2nd period - Minor Penalty to Saku Koivu for Holding.
7:01 of 2nd period - Riley Cote wins face-off versus Daymond Langkow in Canadiens zone.
7:06 of 2nd period - Slapshot by Michel Ouellet.
7:06 of 2nd period - Shot Misses the Net.
7:18 of 2nd period - Michel Ouellet is hit by Vitaly Vishnevsky and loses puck.
7:49 of 2nd period - Slapshot by Jeff Woywitka.
7:49 of 2nd period - Shot Blocked by Dan Girardi.
7:51 of 2nd period - Slapshot by Jeff Woywitka.
7:51 of 2nd period - Stopped by Ondrej Pavelec without a rebound.
7:52 of 2nd period - Todd Bertuzzi wins face-off versus Jamie Lundmark in Sénateurs zone.
7:57 of 2nd period - Jamie Lundmark is hit by Todd Bertuzzi and loses puck.
9:00 of 2nd period - Penalty to Saku Koivu is over, Saku Koivu is back on ice.
9:19 of 2nd period - Wrist shot by Mike Ribeiro.
9:19 of 2nd period - Stopped by Ondrej Pavelec with a rebound.
9:37 of 2nd period - Sami Salo is hit by Brett Clark and loses puck.
9:54 of 2nd period - Andy McDonald is hit by Brandon Prust and loses puck.
10:09 of 2nd period - Slapshot by Patrick Marleau.
10:09 of 2nd period - Shot Misses the Net.
10:14 of 2nd period - Dan Hamhuis is hit by Mike Ribeiro and loses puck.
10:22 of 2nd period - Icing by Mike Ribeiro.
10:23 of 2nd period - Marek Svatos wins face-off versus Daymond Langkow in Canadiens zone.
10:34 of 2nd period - Snap shot by Daymond Langkow.
10:34 of 2nd period - Stopped by Jonas Hiller without a rebound.
10:35 of 2nd period - Daymond Langkow wins face-off versus Mike Ribeiro in Canadiens zone.
11:02 of 2nd period - Slapshot by Rene Bourque.
11:02 of 2nd period - Deflect By Sergei Samsonov.
11:02 of 2nd period - Shot Misses the Net.
11:02 of 2nd period - Puck is out of play.
11:03 of 2nd period - Saku Koivu wins face-off versus Gilbert Brule in Sénateurs zone.
12:03 of 2nd period - Icing by Sergei Samsonov.
12:04 of 2nd period - Saku Koivu wins face-off versus Daymond Langkow in Canadiens zone.
13:07 of 2nd period - Slapshot by Saku Koivu.
13:07 of 2nd period - Shot Misses the Net.
13:09 of 2nd period - Slapshot by Dennis Wideman.
13:09 of 2nd period - Shot Blocked by Daymond Langkow.
13:11 of 2nd period - Slapshot by Dennis Wideman.
13:11 of 2nd period - Stopped by Ondrej Pavelec with a rebound.
13:13 of 2nd period - Snap shot by Rene Bourque.
13:13 of 2nd period - Canadiens goal is going for a video replay.
13:13 of 2nd period - The goal is good.
13:13 of 2nd period - Goal by Rene Bourque - Sénateurs : 2 - Canadiens : 2.
13:14 of 2nd period - Mike Ribeiro wins face-off versus Daymond Langkow in neutral zone.
13:19 of 2nd period - Backhand shot by Marek Svatos.
13:19 of 2nd period - Shot Blocked by Daymond Langkow.
13:24 of 2nd period - Off-side.
13:25 of 2nd period - Mike Ribeiro wins face-off versus Daymond Langkow in neutral zone.
14:41 of 2nd period - Marek Svatos is hit by Brenden Morrow and loses puck.
14:52 of 2nd period - Jean-Pierre Dumont is hit by Michel Ouellet and loses puck.
14:59 of 2nd period - Slapshot by Dan Hamhuis.
14:59 of 2nd period - Shot Blocked by Brooks Laich.
15:40 of 2nd period - Josh Gorges is hit by Darcy Hordichuk and loses puck.
16:04 of 2nd period - Vitaly Vishnevsky is hit by Saku Koivu and loses puck.
16:37 of 2nd period - Snap shot by Mike Ribeiro.
16:37 of 2nd period - Stopped by Ondrej Pavelec with a rebound.
16:39 of 2nd period - Snap shot by Mike Ribeiro.
16:39 of 2nd period - Stopped by Ondrej Pavelec with a rebound.
16:41 of 2nd period - Wrist shot by Marek Svatos.
16:41 of 2nd period - Shot Blocked by Dan Hamhuis.
16:43 of 2nd period - Snap shot by Marek Svatos.
16:43 of 2nd period - Stopped by Ondrej Pavelec with a rebound.
17:09 of 2nd period - Brooks Laich is hit by Dan Girardi and loses puck.
17:40 of 2nd period - Snap shot by Mike Ribeiro.
17:40 of 2nd period - Shot Misses the Net.
17:54 of 2nd period - Snap shot by Gilbert Brule.
17:54 of 2nd period - Shot Blocked by Josh Gorges.
18:01 of 2nd period - Off-side.
18:02 of 2nd period - Saku Koivu wins face-off versus Andrew Ebbett in neutral zone.
18:05 of 2nd period - Snap shot by Saku Koivu.
18:05 of 2nd period - Shot Blocked by Sami Salo.
18:41 of 2nd period - Snap shot by B.J. Crombeen.
18:41 of 2nd period - Goal by B.J. Crombeen - Sénateurs : 3 - Canadiens : 2.
18:42 of 2nd period - Daymond Langkow wins face-off versus Mike Ribeiro in neutral zone.
19:07 of 2nd period - Sergei Gonchar is hit by Jean-Pierre Dumont and loses puck.
19:26 of 2nd period - Slapshot by Dennis Wideman.
19:26 of 2nd period - Deflect By Jamie Lundmark.
19:26 of 2nd period - Shot Blocked by Ryan Parent.
19:26 of 2nd period - Puck is out of play.
19:27 of 2nd period - Jamie Lundmark wins face-off versus B.J. Crombeen in Sénateurs zone.
Goals for this period are 1 for Sénateurs vs 1 for Canadiens.
Shots for this period are 2 for Sénateurs vs 9 for Canadiens.
3rd period
0:01 of 3rd period - Daymond Langkow wins face-off versus Mike Ribeiro in neutral zone.
0:32 of 3rd period - Snap shot by Gilbert Brule.
0:32 of 3rd period - Shot Misses the Net.
0:34 of 3rd period - Slapshot by Vitaly Vishnevsky.
0:34 of 3rd period - Stopped by Jonas Hiller without a rebound.
0:35 of 3rd period - Gilbert Brule wins face-off versus Mike Ribeiro in Canadiens zone.
1:04 of 3rd period - Backhand shot by Dennis Wideman.
1:04 of 3rd period - Stopped by Ondrej Pavelec with a rebound.
1:12 of 3rd period - Slapshot by Sami Salo.
1:12 of 3rd period - Shot Blocked by Dennis Wideman.
1:29 of 3rd period - Wrist shot by Marek Svatos.
1:29 of 3rd period - Stopped by Ondrej Pavelec with a rebound.
1:54 of 3rd period - Slapshot by Daymond Langkow.
1:54 of 3rd period - Stopped by Jonas Hiller without a rebound.
1:55 of 3rd period - Saku Koivu wins face-off versus Gilbert Brule in Canadiens zone.
2:00 of 3rd period - Wrist shot by Saku Koivu.
2:00 of 3rd period - Shot Misses the Net.
2:02 of 3rd period - Snap shot by Rene Bourque.
2:02 of 3rd period - Shot Blocked by Andy McDonald.
2:04 of 3rd period - Snap shot by Sergei Samsonov.
2:04 of 3rd period - Stopped by Ondrej Pavelec with a rebound.
2:06 of 3rd period - Slapshot by Matt Carle.
2:06 of 3rd period - Shot Misses the Net.
2:08 of 3rd period - Snap shot by Saku Koivu.
2:08 of 3rd period - Shot Blocked by Andy McDonald.
2:10 of 3rd period - Slapshot by Josh Gorges.
2:10 of 3rd period - Shot Misses the Net.
2:32 of 3rd period - Michel Ouellet is hit by Daymond Langkow and loses puck.
2:43 of 3rd period - Andrew Ebbett is hit by Jamie Lundmark and loses puck.
3:02 of 3rd period - Snap shot by Sergei Samsonov.
3:02 of 3rd period - Stopped by Ondrej Pavelec without a rebound.
3:03 of 3rd period - Nikita Alexeev wins face-off versus Saku Koivu in Sénateurs zone.
3:28 of 3rd period - Vitaly Vishnevsky is hit by Mike Ribeiro and loses puck.
3:50 of 3rd period - Slapshot by Riley Cote.
3:50 of 3rd period - Shot Misses the Net.
3:56 of 3rd period - Sergei Gonchar is hit by Jean-Pierre Dumont and loses puck.
4:07 of 3rd period - Slapshot by Michel Ouellet.
4:07 of 3rd period - Stopped by Ondrej Pavelec with a rebound.
4:09 of 3rd period - Snap shot by Mikael Samuelsson.
4:09 of 3rd period - Deflect By Jamie Lundmark.
4:09 of 3rd period - Shot Misses the Net.
4:09 of 3rd period - Puck is out of play.
4:10 of 3rd period - Andrew Ebbett wins face-off versus Jamie Lundmark in Sénateurs zone.
4:31 of 3rd period - Slapshot by Vitaly Vishnevsky.
4:31 of 3rd period - Deflect By Andrew Ebbett.
4:31 of 3rd period - Shot Blocked by Patrick Marleau.
4:31 of 3rd period - Puck is out of play.
4:32 of 3rd period - Todd Bertuzzi wins face-off versus Mike Ribeiro in Canadiens zone.
5:08 of 3rd period - Wrist shot by Sergei Samsonov.
5:08 of 3rd period - Shot Blocked by Vitaly Vishnevsky.
5:33 of 3rd period - Darcy Hordichuk is hit by Mikael Samuelsson and loses puck.
5:53 of 3rd period - Minor Penalty to Vitaly Vishnevsky for Hooking.
5:54 of 3rd period - Brenden Morrow wins face-off versus Mike Ribeiro in Sénateurs zone.
6:03 of 3rd period - Slapshot by Dennis Wideman.
6:03 of 3rd period - Goal by Dennis Wideman - Sénateurs : 3 - Canadiens : 3.
6:04 of 3rd period - Mike Ribeiro wins face-off versus Daymond Langkow in neutral zone.
6:11 of 3rd period - Snap shot by Marek Svatos.
6:11 of 3rd period - Stopped by Ondrej Pavelec with a rebound.
6:17 of 3rd period - Snap shot by Marek Svatos.
6:17 of 3rd period - Stopped by Ondrej Pavelec without a rebound.
6:18 of 3rd period - Daymond Langkow wins face-off versus Mike Ribeiro in Sénateurs zone.
6:25 of 3rd period - Snap shot by Brenden Morrow.
6:25 of 3rd period - Goal by Brenden Morrow - Sénateurs : 4 - Canadiens : 3.
6:26 of 3rd period - Daymond Langkow wins face-off versus Mike Ribeiro in neutral zone.
6:29 of 3rd period - Mike Ribeiro is hit by Vitaly Vishnevsky and loses puck.
6:38 of 3rd period - Snap shot by Brenden Morrow.
6:38 of 3rd period - Stopped by Jonas Hiller with a rebound.
6:40 of 3rd period - Snap shot by Todd Bertuzzi.
6:40 of 3rd period - Stopped by Jonas Hiller with a rebound.
6:42 of 3rd period - Wrist shot by Brenden Morrow.
6:42 of 3rd period - Stopped by Jonas Hiller without a rebound.
6:43 of 3rd period - Saku Koivu wins face-off versus Gilbert Brule in Canadiens zone.
7:08 of 3rd period - Brett Clark is hit by Vitaly Vishnevsky and loses puck.
8:06 of 3rd period - Dennis Wideman is hit by Carlo Colaiacovo and loses puck.
8:55 of 3rd period - Slapshot by Dennis Wideman.
8:55 of 3rd period - Stopped by Ondrej Pavelec without a rebound.
8:56 of 3rd period - Mike Ribeiro wins face-off versus Daymond Langkow in Sénateurs zone.
9:07 of 3rd period - Wrist shot by Mike Ribeiro.
9:07 of 3rd period - Goal by Mike Ribeiro - Sénateurs : 4 - Canadiens : 4.
9:08 of 3rd period - Mike Ribeiro wins face-off versus Daymond Langkow in neutral zone.
9:36 of 3rd period - Brett Clark is hit by B.J. Crombeen and loses puck.
9:43 of 3rd period - Wrist shot by Saku Koivu.
9:43 of 3rd period - Stopped by Ondrej Pavelec without a rebound.
9:44 of 3rd period - Gilbert Brule wins face-off versus Sergei Samsonov in Sénateurs zone.
10:19 of 3rd period - Wrist shot by Riley Cote.
10:19 of 3rd period - Stopped by Ondrej Pavelec without a rebound.
10:20 of 3rd period - Mike Ribeiro wins face-off versus Daymond Langkow in Sénateurs zone.
10:32 of 3rd period - Wrist shot by Patrick Marleau.
10:32 of 3rd period - Shot Misses the Net.
10:34 of 3rd period - Snap shot by Mike Ribeiro.
10:34 of 3rd period - Shot Misses the Net.
10:36 of 3rd period - Slapshot by Sergei Gonchar.
10:36 of 3rd period - Shot Blocked by Dan Hamhuis.
10:42 of 3rd period - Minor Penalty to Brenden Morrow for Hooking.
10:43 of 3rd period - Rene Bourque wins face-off versus B.J. Crombeen in Sénateurs zone.
12:42 of 3rd period - Penalty to Brenden Morrow is over, Brenden Morrow is back on ice.
12:52 of 3rd period - Wrist shot by Gilbert Brule.
12:52 of 3rd period - Stopped by Jonas Hiller with a rebound.
12:54 of 3rd period - Wrist shot by Jean-Pierre Dumont.
12:54 of 3rd period - Stopped by Jonas Hiller without a rebound.
12:55 of 3rd period - Jamie Lundmark wins face-off versus Daymond Langkow in Canadiens zone.
13:03 of 3rd period - Off-side.
13:04 of 3rd period - Daymond Langkow wins face-off versus Jamie Lundmark in neutral zone.
13:27 of 3rd period - Snap shot by Mikael Samuelsson.
13:27 of 3rd period - Shot Misses the Net.
13:29 of 3rd period - Wrist shot by Brandon Prust.
13:29 of 3rd period - Stopped by Ondrej Pavelec with a rebound.
13:33 of 3rd period - Snap shot by Mikael Samuelsson.
13:33 of 3rd period - Stopped by Ondrej Pavelec without a rebound.
13:34 of 3rd period - Gilbert Brule wins face-off versus Mike Ribeiro in Sénateurs zone.
13:41 of 3rd period - Slapshot by Dan Hamhuis.
13:41 of 3rd period - Deflect By Mike Ribeiro.
13:41 of 3rd period - Stopped by Jonas Hiller with a rebound.
14:38 of 3rd period - Icing by Carlo Colaiacovo.
14:39 of 3rd period - Daymond Langkow wins face-off versus Brandon Prust in Sénateurs zone.
15:27 of 3rd period - Wrist shot by B.J. Crombeen.
15:27 of 3rd period - Deflect By Andrew Ebbett.
15:27 of 3rd period - Shot Blocked by Jeff Woywitka.
15:27 of 3rd period - Puck is out of play.
15:28 of 3rd period - Andrew Ebbett wins face-off versus Brooks Laich in Canadiens zone.
15:31 of 3rd period - Snap shot by B.J. Crombeen.
15:31 of 3rd period - Goal by B.J. Crombeen - Sénateurs : 5 - Canadiens : 4.
15:32 of 3rd period - Brooks Laich wins face-off versus Daymond Langkow in neutral zone.
16:43 of 3rd period - Michel Ouellet is hit by Jean-Pierre Dumont and loses puck.
17:06 of 3rd period - Rene Bourque is hit by Vernon Fiddler and loses puck.
17:28 of 3rd period - Snap shot by Andrew Ebbett.
17:28 of 3rd period - Stopped by Jonas Hiller without a rebound.
17:29 of 3rd period - Andrew Ebbett wins face-off versus Brooks Laich in Canadiens zone.
17:36 of 3rd period - Wrist shot by Darcy Hordichuk.
17:36 of 3rd period - Shot Blocked by Jeff Woywitka.
18:03 of 3rd period - Wrist shot by Daymond Langkow.
18:03 of 3rd period - Shot Misses the Net.
18:05 of 3rd period - Wrist shot by Brenden Morrow.
18:05 of 3rd period - Stopped by Jonas Hiller with a rebound.
18:51 of 3rd period - Slapshot by Dennis Wideman.
18:51 of 3rd period - Deflect By Brenden Morrow.
18:51 of 3rd period - Stopped by Ondrej Pavelec with a rebound.
18:57 of 3rd period - Wrist shot by Mike Ribeiro.
18:57 of 3rd period - Shot Misses the Net.
19:04 of 3rd period - Icing by Dan Girardi.
19:05 of 3rd period - Rene Bourque wins face-off versus Daymond Langkow in Sénateurs zone.
19:06 of 3rd period - Canadiens, Jonas Hiller is pulled from the net.
19:10 of 3rd period - Snap shot by Patrick Marleau.
19:10 of 3rd period - Shot Misses the Net.
19:26 of 3rd period - Snap shot by Daymond Langkow.
19:26 of 3rd period - Shot Misses the Net.
19:52 of 3rd period - Snap shot by Brenden Morrow.
19:52 of 3rd period - Goal by Brenden Morrow - Sénateurs : 6 - Canadiens : 4.
19:52 of 3rd period - Jonas Hiller from Canadiens was sent back in the game.
19:53 of 3rd period - Brooks Laich wins face-off versus Darcy Hordichuk in neutral zone.
19:55 of 3rd period - Minor Penalty to Brett Clark for Hooking.
19:56 of 3rd period - Gilbert Brule wins face-off versus Michel Ouellet in Canadiens zone.
Goals for this period are 3 for Sénateurs vs 2 for Canadiens.
Shots for this period are 13 for Sénateurs vs 15 for Canadiens.
Output by the SimonT Hockey Simulator (STHS) for François Prévost -- Original Page W3C XHTML 1.0 Valid